[Event "ICC tourney 3231 (40 10)"]
[Site "Internet Chess Club"]
[Date "2023.07.08"]
[Round "3"]
[White "DHANASEKAR, RAKSHITA:rooku2211"]
[Black "QIAO, RICHARDSON JINGSI:Richardsonqiao"]
[Result "0-1"]
[ICCResult "White checkmated"]
[WhiteElo "1205"]
[BlackElo "1607"]
[Opening "Giuoco Piano"]
[ECO "C54"]
[NIC "IG.02"]
[Time "15:30:18"]
[PlyCount "94"]
[TimeControl "2400+10"]

1. e4 e5 2. Nf3 Nc6 3. Bc4 Bc5 4. c3 Nf6 5. d4 exd4 6. cxd4 Bb4+ 7. Nc3 Nxe4
8. O-O Bxc3 9. bxc3 O-O 10. Qc2 d5 11. Bd3 Bf5 12. Re1 Re8 13. Bg5 Nxg5 14.
Rxe8+ Qxe8 15. Bxf5 Nxf3+ 16. gxf3 g6 17. Bd3 Qe7 18. Rb1 b6 19. Qb2 Qd6 20.
c4 dxc4 21. Be4 Rd8 22. d5 Ne7 23. Rd1 c6 24. Rd2 f5 25. Bc2 cxd5 26. Ba4 d4
27. Rd1 Qd5 28. Kg2 d3 29. Rc1 Qd4 30. Qd2 Nd5 31. Bc6 Nf4+ 32. Kf1 Ne2 33.
Re1 c3 34. Qd1 c2 35. Qd2 c1=Q 36. Rxc1 Nxc1 37. Qxc1 d2 38. Qd1 Qc4+ 39.
Kg2 Qxc6 40. h4 Qc1 41. Qb3+ Kg7 42. Qe6 Qc7 43. h5 d1=Q 44. h6+ Kxh6 45.
Qf6 Qf4 46. Qb2 Qfxf3+ 47. Kh2 Qdh1# {White checkmated} 0-1

[Event "ICC tourney 3231 (40 10)"]
[Site "Internet Chess Club"]
[Date "2023.07.08"]
[Round "3"]
[White "SCHWETKE, DOUGLAS:Bilbo"]
[Black "RAMKUMAR, NIKHIL:nikhilramkumar"]
[Result "0-1"]
[ICCResult "White resigns"]
[WhiteElo "1500"]
[BlackElo "1799"]
[Opening "QGD: Neo-orthodox variation, 7.Bxf6"]
[ECO "D55"]
[NIC "QO.14"]
[Time "15:30:33"]
[PlyCount "88"]
[TimeControl "2400+10"]

1. d4 d5 2. c4 e6 3. Nc3 Nf6 4. Bg5 Be7 5. Nf3 O-O 6. e3 h6 7. Bxf6 Bxf6 8.
Rc1 b6 9. cxd5 exd5 10. Bd3 Bb7 11. O-O Qe7 12. Qb3 Rd8 13. Nb5 Na6 14. a3
c5 15. dxc5 bxc5 16. Be2 c4 17. Qc2 Bc6 18. Nbd4 Be8 19. b3 Rac8 20. bxc4
dxc4 21. Bxc4 Nc5 22. Qa2 Ne4 23. Rfd1 Ng5 24. Be2 Nxf3+ 25. Bxf3 Rxc1 26.
Rxc1 Bxd4 27. exd4 Rxd4 28. Qe2 Qd8 29. Rd1 Ba4 30. Rxd4 Qxd4 31. h3 Qa1+
32. Kh2 Qxa3 33. Qa6 Qb4 34. Qc8+ Qf8 35. Qa6 Qb8+ 36. g3 Bb5 37. Qa5 Qb6
38. Qc3 Qxf2+ 39. Kh1 Qf1+ 40. Kh2 Qc4 41. Qa5 Qc2+ 42. Kg1 Qc5+ 43. Kh2
Qf2+ 44. Kh1 Qxf3+ {White resigns} 0-1

[Event "ICC tourney 3231 (40 10)"]
[Site "Internet Chess Club"]
[Date "2023.07.08"]
[Round "3"]
[White "TJIPTO, GAVIN:akudakudaku"]
[Black "WU, WINSTON:qjet"]
[Result "1/2-1/2"]
[ICCResult "Game drawn by mutual agreement"]
[WhiteElo "1475"]
[BlackElo "1649"]
[Opening "Scotch gambit"]
[ECO "C44"]
[NIC "SO.06"]
[Time "15:30:19"]
[PlyCount "89"]
[TimeControl "2400+10"]

1. e4 e5 2. Nf3 Nc6 3. d4 exd4 4. Bc4 d6 5. Nxd4 Nxd4 6. Qxd4 Nf6 7. Nc3 Be7
8. Bf4 O-O 9. O-O-O a6 10. f3 b5 11. Bb3 c5 12. Qd2 c4 13. Bxd6 Bxd6 14.
Qxd6 Qxd6 15. Rxd6 cxb3 16. axb3 Be6 17. Rhd1 Rfc8 18. g4 h6 19. h3 b4 20.
Nd5 Bxd5 21. exd5 Rd8 22. Rxd8+ Rxd8 23. d6 Ne8 24. Rd4 Rxd6 25. Rxb4 Nf6
26. c4 Rc6 27. Kc2 Kf8 28. Rb7 Ne8 29. Kc3 Nc7 30. Rb8+ Ke7 31. b4 Ne8 32.
b5 axb5 33. Rxb5 Nd6 34. Rb4 Ke6 35. Kd4 Nc8 36. Rb5 f6 37. f4 Nd6 38. f5+
Kd7 39. Rb4 Ne8 40. c5 Nc7 41. Ra4 Nb5+ 42. Kc4 Nc7 43. b4 Na6 44. Kd4 Nc7
45. Kc4 {Game drawn by mutual agreement} 1/2-1/2

[Event "ICC tourney 3231 (40 10)"]
[Site "Internet Chess Club"]
[Date "2023.07.08"]
[Round "3"]
[White "PAN, ROGER:RogerPbim"]
[Black "Kavari, Aarav:aaravkav"]
[Result "1-0"]
[ICCResult "Black checkmated"]
[WhiteElo "1549"]
[BlackElo "1180"]
[Opening "Queen's pawn, Mason variation"]
[ECO "D00"]
[NIC "QP.08"]
[Time "15:30:21"]
[PlyCount "149"]
[TimeControl "2400+10"]

1. d4 d5 2. Bf4 Nc6 3. e3 Bf5 4. c3 e6 5. Nf3 Nf6 6. Bd3 Bg6 7. h3 Ne4 8.
O-O Bd6 9. Ne5 Nxe5 10. dxe5 Be7 11. Bxe4 dxe4 12. Nd2 O-O 13. Nb3 Qxd1 14.
Raxd1 Rfd8 15. Nd4 a6 16. Nb3 Kf8 17. Na5 Rd3 18. Rxd3 exd3 19. Rd1 Rd8 20.
f3 Rd5 21. Nb3 Rd7 22. e4 c5 23. c4 b5 24. Nd2 Ke8 25. b3 Bd8 26. Kf2 Ba5
27. Ke3 f6 28. exf6 gxf6 29. Nf1 e5 30. Bh2 Bc3 31. Rxd3 Bd4+ 32. Ke2 Rb7
33. cxb5 axb5 34. Bg3 c4 35. Rd1 c3 36. Ne3 Rc7 37. Rxd4 exd4 38. Bxc7 dxe3
39. Kxe3 Kd7 40. Ba5 f5 41. Bxc3 fxe4 42. fxe4 Ke6 43. a4 bxa4 44. bxa4 Be8
45. a5 Bb5 46. e5 Bf1 47. Kf2 Bd3 48. g3 Bf5 49. h4 h5 50. Ke3 Bh3 51. a6
Bg2 52. a7 Kf5 53. Kd4 Ke6 54. Kc5 Kd7 55. Kb6 Kc8 56. e6 Kd8 57. Bf6+ Ke8
58. Kc7 Kf8 59. Kb8 Ke8 60. a8=Q Bxa8 61. Kxa8 Kf8 62. Kb7 Ke8 63. Kc7 Kf8
64. e7+ Ke8 65. Kd6 Kf7 66. Kd7 Kxf6 67. e8=Q Kf5 68. Qxh5+ Kf6 69. Qg5+ Kf7
70. Qf5+ Kg7 71. Ke7 Kh8 72. Qh5+ Kg7 73. Qg5+ Kh8 74. Kf7 Kh7 75. Qh5#
{Black checkmated}
1-0

[Event "ICC tourney 3231 (40 10)"]
[Site "Internet Chess Club"]
[Date "2023.07.08"]
[Round "3"]
[White "JAIN, PIYUSH:Piyush786"]
[Black "Hernandez-Visbal, Arthur:thechessgod22"]
[Result "1/2-1/2"]
[ICCResult "Game drawn by mutual agreement"]
[WhiteElo "1772"]
[BlackElo "1659"]
[Opening "Sicilian defense"]
[ECO "B20"]
[NIC "SI.48"]
[Time "15:30:18"]
[PlyCount "120"]
[TimeControl "2400+10"]

1. e4 c5 2. a3 Nc6 3. b4 cxb4 4. axb4 Nxb4 5. c3 Nc6 6. d4 d5 7. exd5 Qxd5
8. Na3 Qa5 9. Nf3 Bg4 10. Bd2 Nf6 11. Nc4 Qc7 12. Ne3 e6 13. Nxg4 Nxg4 14.
Bb5 Bd6 15. h3 Nf6 16. O-O O-O 17. Re1 a6 18. Bd3 b5 19. Qe2 Na5 20. Ra2 Nc4
21. Bxc4 bxc4 22. Rea1 Qc6 23. Ne5 Bxe5 24. Qxe5 Nd5 25. Qg3 Kh8 26. f4 Rfb8
27. f5 Rb5 28. fxe6 Qxe6 29. Ra4 Rb2 30. Qe1 Qxe1+ 31. Bxe1 Ne3 32. Bf2 Nd5
33. Rxa6 Rxa6 34. Rxa6 h6 35. Rc6 Nxc3 36. Rxc4 Nd1 37. Bg3 Rxg2+ 38. Kxg2
Ne3+ 39. Kf3 Nxc4 40. Ke4 Kh7 41. Kd3 Nb6 42. Ke4 Kg6 43. Bc7 Nd7 44. Kd5
Kf5 45. Kd6 Nf6 46. d5 Ke4 47. Ke7 Nxd5+ 48. Kxf7 g5 49. Bd8 Kf5 50. Kg7 h5
51. Kh6 g4 52. hxg4+ hxg4 53. Bh4 Ne3 54. Bg3 Ke4 55. Kg5 Kf3 56. Bb8 Nd5
57. Bd6 Nc3 58. Bb8 Nd5 59. Bd6 Nb6 60. Bb8 Nc4 {Game drawn by mutual
agreement} 1/2-1/2

[Event "ICC tourney 3231 (40 10)"]
[Site "Internet Chess Club"]
[Date "2023.07.08"]
[Round "3"]
[White "BERKLEY, DARRIN K:drberkley"]
[Black "Butenko, Zlata:butik666"]
[Result "1/2-1/2"]
[ICCResult "Game drawn by mutual agreement"]
[WhiteElo "1874"]
[BlackElo "1637"]
[Opening "Giuoco Pianissimo: Italian four knights variation"]
[ECO "C25"]
[NIC "VG.04"]
[Time "15:30:31"]
[PlyCount "115"]
[TimeControl "2400+10"]

1. e4 e5 2. Nc3 Nc6 3. Bc4 Bc5 4. Nf3 Nf6 5. d3 d6 6. h3 h6 7. O-O O-O 8.
Na4 Bb6 9. Nxb6 axb6 10. a3 Be6 11. Bxe6 fxe6 12. Qe1 Nh5 13. c3 Nf4 14.
Bxf4 exf4 15. d4 e5 16. Rd1 Qf6 17. Qe2 Rae8 18. Qc4+ Qf7 19. Qxf7+ Rxf7 20.
d5 Nb8 21. Nd2 g5 22. f3 Nd7 23. b4 Ra8 24. Ra1 b5 25. c4 bxc4 26. Nxc4 Nf6
27. Rfc1 Nh5 28. Rc3 Ng3 29. Kf2 h5 30. Nd2 Kh8 31. Rac1 Rg7 32. Nf1 h4 33.
Nxg3 hxg3+ 34. Ke2 Kg8 35. Kd2 Kf8 36. Kc2 Ke8 37. Kb3 Kd8 38. a4 b6 39. Ra1
Ra7 40. a5 b5 41. a6 Rh7 42. Rc6 Rh6 43. Ra5 Kc8 44. Ra2 Rh8 45. Kc3 Kd7 46.
Kd3 Rb8 47. Rac2 Rb6 48. Rxb6 cxb6 49. Ra2 Kd8 50. Kc3 Kd7 51. Kb3 Kd8 52.
Ra1 Kd7 53. h4 gxh4 54. Rh1 Rxa6 55. Rxh4 Ra1 56. Rh7+ Kd8 57. Rh8+ Kd7 58.
Rh7+ {Game drawn by mutual agreement} 1/2-1/2

[Event "ICC tourney 3231 (40 10)"]
[Site "Internet Chess Club"]
[Date "2023.07.08"]
[Round "3"]
[White "SULTAN, BASHIR Cisse:muzikmixer"]
[Black "S.M, UMER:uncrackable"]
[Result "0-1"]
[ICCResult "White resigns"]
[WhiteElo "1590"]
[BlackElo "1843"]
[Opening "King's Indian: Petrosian system, Stein variation"]
[ECO "E92"]
[NIC "KI.17"]
[Time "15:30:21"]
[PlyCount "100"]
[TimeControl "2400+10"]

1. c4 Nf6 2. Nc3 g6 3. e4 d6 4. d4 Bg7 5. Nf3 O-O 6. Be2 e5 7. d5 a5 8. O-O
Na6 9. Bg5 h6 10. Be3 Ng4 11. Bd2 f5 12. g3 Nc5 13. Nh4 Kh7 14. Nxg6 Kxg6
15. exf5+ Bxf5 16. Bxg4 Qf6 17. Bxf5+ Qxf5 18. Be3 e4 19. Bxc5 Bxc3 20. Bd4
Bxd4 21. Qxd4 Rae8 22. Rae1 Re5 23. Re3 h5 24. f3 Rfe8 25. fxe4 Rxe4 26.
Rxe4 Rxe4 27. Qd3 Rf4 28. Qxf5+ Rxf5 29. Rxf5 Kxf5 30. Kf2 Ke4 31. Ke2 a4
32. h3 Kd4 33. b3 axb3 34. axb3 b5 35. g4 hxg4 36. hxg4 bxc4 37. bxc4 Kxc4
38. Ke3 Kxd5 39. Kf4 Ke6 40. Kg5 c5 41. Kh6 Kf7 42. Kh7 Kf6 43. Kh6 c4 44.
g5+ Kf5 45. g6 c3 46. g7 c2 47. Kh7 c1=Q 48. g8=Q Qh1+ 49. Kg7 Qg2+ 50. Kf7
Qxg8+ {White resigns} 0-1

[Event "ICC tourney 3231 (40 10)"]
[Site "Internet Chess Club"]
[Date "2023.07.08"]
[Round "3"]
[White "GHOSH, YOHAN:luckylion"]
[Black "THAIN, JACK:jt1819"]
[Result "1/2-1/2"]
[ICCResult "Game drawn by mutual agreement"]
[WhiteElo "1830"]
[BlackElo "1724"]
[Opening "Caro-Kann: exchange variation"]
[ECO "B13"]
[NIC "CK.02"]
[Time "15:30:18"]
[PlyCount "105"]
[TimeControl "2400+10"]

1. e4 c6 2. d4 d5 3. exd5 cxd5 4. Bd3 Nc6 5. c3 Qc7 6. Na3 a6 7. Qa4 Bd7 8.
Qc2 e6 9. Nb1 Rc8 10. Ne2 Nb4 11. cxb4 Qxc2 12. Bxc2 Rxc2 13. Nbc3 e5 14.
dxe5 Bxb4 15. Kd1 Bf5 16. Nxd5 Bc5 17. b4 Ba7 18. Be3 Ne7 19. Nxe7 Kxe7 20.
Bxa7 Rd8+ 21. Nd4 Rc4 22. Ke2 Rdxd4 23. Bxd4 Rxd4 24. a3 Re4+ 25. Kf3 Rxe5
26. Rhe1 Rxe1 27. Rxe1+ Kd6 28. g4 Be6 29. h4 Kc6 30. Rc1+ Kb5 31. g5 Ka4
32. Rc7 Kxa3 33. Ke4 b5 34. Rc6 Kxb4 35. Rxa6 Kc3 36. f4 b4 37. f5 Bc4 38.
Rb6 b3 39. g6 hxg6 40. fxg6 Bd3+ 41. Ke3 Bxg6 42. Rc6+ Kb2 43. Kd2 Bb1 44.
Rc7 Bg6 45. Rc6 Bf5 46. Rc5 Be6 47. Rg5 g6 48. Rc5 Kb1 49. Rc1+ Ka2 50. Kc3
f5 51. Re1 Bd5 52. Re5 Bf7 53. Re7 {Game drawn by mutual agreement} 1/2-1/2

[Event "ICC tourney 3231 (40 10)"]
[Site "Internet Chess Club"]
[Date "2023.07.08"]
[Round "4"]
[White "WU, WINSTON:qjet"]
[Black "PAN, ROGER:RogerPbim"]
[Result "1-0"]
[ICCResult "Black checkmated"]
[WhiteElo "1649"]
[BlackElo "1549"]
[Opening "Sicilian: Alapin's variation (2.c3)"]
[ECO "B22"]
[NIC "SI.46"]
[Time "17:45:23"]
[PlyCount "101"]
[TimeControl "2400+10"]

1. e4 c5 2. c3 d5 3. exd5 Qxd5 4. d4 Nf6 5. Nf3 Nc6 6. Be3 cxd4 7. cxd4 Bf5
8. Nc3 Qd8 9. Bb5 e6 10. Ne5 Rc8 11. Qa4 a6 12. Bxc6+ bxc6 13. Qxa6 Be7 14.
Nxc6 Qd7 15. Nxe7 Qxe7 16. Qxc8+ Qd8 17. Qxd8+ Kxd8 18. Bg5 Kd7 19. Bxf6
gxf6 20. O-O Rg8 21. Kh1 e5 22. dxe5 fxe5 23. f4 exf4 24. Rxf4 Be6 25. Ne4
Ke7 26. Re1 Kd7 27. Nf6+ Kd6 28. Nxg8 Kd5 29. Rxe6 fxe6 30. Rf2 Kd6 31. Kg1
Kd7 32. Kf1 Kc6 33. Ke2 Kd5 34. Ke3 Kd6 35. Ke4 Kd7 36. Ke5 Kc6 37. Kxe6 Kc5
38. Rd2 h5 39. Kf5 h4 40. Kg4 h3 41. Kxh3 Kb4 42. Rc2 Ka4 43. Kg3 Kb4 44.
Kf3 Ka4 45. Ke3 Ka5 46. Kd4 Kb5 47. Rc5+ Ka4 48. Nf6 Kb4 49. Ne4 Ka4 50.
Nc3+ Kb4 51. Rb5# {Black checkmated} 1-0

[Event "ICC tourney 3231 (40 10)"]
[Site "Internet Chess Club"]
[Date "2023.07.08"]
[Round "4"]
[White "QIAO, RICHARDSON JINGSI:Richardsonqiao"]
[Black "Zimmerman, Kevin:blackjack721"]
[Result "1-0"]
[ICCResult "Black checkmated"]
[WhiteElo "1607"]
[BlackElo "1500"]
[Opening "Modern defense: Averbakh system"]
[ECO "A40"]
[NIC "KF.02"]
[Time "17:45:18"]
[PlyCount "93"]
[TimeControl "2400+10"]

1. d4 g6 2. c4 Bg7 3. Nc3 d6 4. e4 Nd7 5. f4 c6 6. Nf3 Ngf6 7. Bd3 Qa5 8.
Bd2 Qb6 9. Qb3 O-O 10. O-O Ng4 11. Qxb6 axb6 12. h3 Nh6 13. Kh2 f6 14. g4
Nf7 15. f5 Ng5 16. Nxg5 fxg5 17. Bxg5 Bxd4 18. Bxe7 Be5+ 19. Kg2 Re8 20. Bg5
Nc5 21. Bc2 gxf5 22. exf5 Bxc3 23. bxc3 Re2+ 24. Rf2 Rxf2+ 25. Kxf2 d5 26.
cxd5 cxd5 27. a4 b5 28. a5 b6 29. Be3 Ne4+ 30. Bxe4 dxe4 31. Bxb6 Bb7 32.
Ke3 Bd5 33. Rb1 Bc4 34. Kxe4 Re8+ 35. Kf3 Kg7 36. Bd4+ Kh6 37. a6 Kg5 38.
Kg3 h5 39. a7 h4+ 40. Kf3 Be2+ 41. Kf2 Bc4 42. Ra1 Re2+ 43. Kf3 Rh2 44. Be3+
Kf6 45. a8=Q Rxh3+ 46. Kf4 Be2 47. Qf8# {Black checkmated} 1-0

[Event "ICC tourney 3231 (40 10)"]
[Site "Internet Chess Club"]
[Date "2023.07.08"]
[Round "4"]
[White "Hernandez-Visbal, Arthur:thechessgod22"]
[Black "GHOSH, YOHAN:luckylion"]
[Result "1-0"]
[ICCResult "Black forfeits on time"]
[WhiteElo "1659"]
[BlackElo "1830"]
[Opening "Sicilian: Smith-Morra gambit"]
[ECO "B21"]
[NIC "SI.48"]
[Time "17:46:12"]
[PlyCount "37"]
[TimeControl "2400+10"]

1. e4 c5 2. d4 cxd4 3. c3 dxc3 4. Nxc3 Nc6 5. Nf3 g6 6. Bc4 Bg7 7. e5 Qa5 8.
O-O Nxe5 9. Nxe5 Bxe5 10. Nb5 Nf6 11. Re1 a6 12. Rxe5 axb5 13. Qd6 O-O 14.
Qxe7 Ng4 15. h3 Nxe5 16. Bh6 Nf3+ 17. gxf3 Qd8 18. Qe5 Qg5+ 19. Bxg5
{Black forfeits on time}
1-0

[Event "ICC tourney 3231 (40 10)"]
[Site "Internet Chess Club"]
[Date "2023.07.08"]
[Round "4"]
[White "Cheng, Samuel:Samuel1001"]
[Black "RAMKUMAR, NIKHIL:nikhilramkumar"]
[Result "0-1"]
[ICCResult "White checkmated"]
[WhiteElo "1719"]
[BlackElo "1799"]
[Opening "QGD: Tartakower (Makagonov-Bondarevsky) system"]
[ECO "D58"]
[NIC "QO.10"]
[Time "17:46:00"]
[PlyCount "132"]
[TimeControl "2400+10"]

1. d4 d5 2. c4 e6 3. Nc3 Nf6 4. Bg5 Be7 5. e3 h6 6. Bh4 O-O 7. Nf3 b6 8. Bd3
Bb7 9. O-O Nbd7 10. Rc1 c5 11. Qe2 Ne4 12. Bxe7 Qxe7 13. Rfd1 Rfd8 14. Bxe4
dxe4 15. Nd2 f5 16. Nf1 Nf6 17. Ng3 Rac8 18. b3 Qf7 19. dxc5 bxc5 20. Nb5
Rxd1+ 21. Rxd1 Qg6 22. Nxa7 Ra8 23. Nb5 e5 24. Nd6 Bc8 25. Nxc8 Rxc8 26. f3
Re8 27. Rd6 Qg5 28. a4 exf3 29. Qxf3 f4 30. Ne4 Nxe4 31. Qxe4 fxe3 32. Rd3
e2 33. Qxe2 Qc1+ 34. Qd1 Qf4 35. Qf3 Qc1+ 36. Rd1 Qc2 37. Qd5+ Kh8 38. Qd3
Qb2 39. Qe3 Rf8 40. Qxc5 Rf6 41. Qe3 Qc2 42. Qd3 Qf2+ 43. Kh1 e4 44. Qd8+
Rf8 45. h3 Rxd8 46. Rxd8+ Kh7 47. Rd1 e3 48. a5 e2 49. Rg1 Qxg1+ 50. Kxg1
e1=Q+ 51. Kh2 Qxa5 52. Kg3 Qc3+ 53. Kf4 Qxb3 54. c5 Qc4+ 55. Ke5 Qxc5+ 56.
Kf4 Qg5+ 57. Kf3 h5 58. g3 Qf5+ 59. Kg2 g5 60. h4 gxh4 61. gxh4 Qg4+ 62. Kh2
Qxh4+ 63. Kg2 Qg4+ 64. Kh1 h4 65. Kh2 h3 66. Kh1 Qg2# {White checkmated} 0-1

[Event "ICC tourney 3231 (40 10)"]
[Site "Internet Chess Club"]
[Date "2023.07.08"]
[Round "4"]
[White "Butenko, Zlata:butik666"]
[Black "S.M, UMER:uncrackable"]
[Result "0-1"]
[ICCResult "White resigns"]
[WhiteElo "1637"]
[BlackElo "1843"]
[Opening "Sicilian: Anderssen variation"]
[ECO "B41"]
[NIC "SI.41"]
[Time "17:46:12"]
[PlyCount "80"]
[TimeControl "2400+10"]

1. e4 c5 2. Nf3 e6 3. d4 cxd4 4. Nxd4 Nf6 5. Nc3 Nc6 6. Be3 Bb4 7. Bd3 d5 8.
Nxc6 bxc6 9. e5 Nd7 10. Qg4 Bf8 11. f4 Rb8 12. O-O h5 13. Qh3 Rxb2 14. Ne2
Nc5 15. Nd4 Nxd3 16. cxd3 c5 17. Nb3 d4 18. Bc1 Rc2 19. Qf3 Qd5 20. Qxd5
exd5 21. Ba3 Bf5 22. Rfc1 Bxd3 23. Bxc5 Bxc5 24. Nxc5 Rxc1+ 25. Rxc1 Bc4 26.
Rd1 O-O 27. Rxd4 Rc8 28. Nb7 Rc7 29. Nd6 Bxa2 30. Rd2 Bc4 31. Rc2 a5 32. Rc1
a4 33. Kf2 a3 34. Nb5 Rb7 35. Nxa3 Bd3 36. Rc8+ Kh7 37. Rc3 Be4 38. Ke3 Rb2
39. g3 Rxh2 40. Nc4 Rh3 {White resigns} 0-1

[Event "ICC tourney 3231 (40 10)"]
[Site "Internet Chess Club"]
[Date "2023.07.08"]
[Round "4"]
[White "SULTAN, BASHIR Cisse:muzikmixer"]
[Black "TJIPTO, GAVIN:akudakudaku"]
[Result "1-0"]
[ICCResult "Black checkmated"]
[WhiteElo "1590"]
[BlackElo "1475"]
[Opening "English: four knights, 4.e3"]
[ECO "A28"]
[NIC "EO.06"]
[Time "17:46:05"]
[PlyCount "173"]
[TimeControl "2400+10"]

1. c4 e5 2. Nc3 Nf6 3. Nf3 Nc6 4. e3 d5 5. cxd5 Nxd5 6. Bb5 Nxc3 7. bxc3 Bd6
8. d4 e4 9. Nd2 Bf5 10. Qc2 O-O 11. Nxe4 Re8 12. Bd3 Bg6 13. Nxd6 Bxd3 14.
Qxd3 Qxd6 15. Qb5 a6 16. Qa4 Qg6 17. O-O Rad8 18. f3 Qd3 19. Qa3 Rd6 20. Re1
Rg6 21. Qb2 Na5 22. Qd2 Qb5 23. e4 Qh5 24. Qf4 Nc4 25. Kh1 c6 26. a4 Qa5 27.
Bd2 h6 28. e5 Rge6 29. h4 Qd5 30. Reb1 b5 31. Bc1 Rd8 32. axb5 cxb5 33. Qg4
Rde8 34. Qe4 Qd7 35. f4 Nd6 36. Qd5 Qb7 37. Qxb7 Nxb7 38. f5 Rc6 39. Bd2 h5
40. Rb4 f6 41. e6 Nd6 42. d5 Rb6 43. Be3 Rbb8 44. Rxa6 Nxf5 45. Bf4 Rbd8 46.
Rxb5 Nxh4 47. c4 Nf5 48. Rc5 g5 49. Bc7 Rc8 50. d6 Rxe6 51. d7 Re1+ 52. Kh2
Rf8 53. Rxf5 Rd1 54. Rd5 Rf1 55. d8=Q Rxd8 56. Rxd8+ Kg7 57. Bd6 Kg6 58. c5
h4 59. Be7 Kh5 60. Rxf6 Re1 61. Rh8+ Kg4 62. Bd6 Re2 63. Bf8 h3 64. c6 Rxg2+
65. Kh1 Rh2+ 66. Kg1 Rg2+ 67. Kf1 Kg3 68. Bd6+ Kg4 69. c7 Rg1+ 70. Ke2 Re1+
71. Kd3 Rd1+ 72. Ke4 Re1+ 73. Kd5 Rd1+ 74. Ke4 Re1+ 75. Kd3 Rd1+ 76. Ke2 Rc1
77. c8=Q+ Rxc8 78. Rxc8 h2 79. Rh6 h1=Q 80. Rxh1 Kf5 81. Kd3 g4 82. Bg3 Kg5
83. Rf1 Kh5 84. Ke4 Kg5 85. Ke5 Kh5 86. Kf6 Kh6 87. Rh8# {Black checkmated}
1-0

[Event "ICC tourney 3231 (40 10)"]
[Site "Internet Chess Club"]
[Date "2023.07.08"]
[Round "4"]
[White "THAIN, JACK:jt1819"]
[Black "JAIN, PIYUSH:Piyush786"]
[Result "0-1"]
[ICCResult "White resigns"]
[WhiteElo "1724"]
[BlackElo "1772"]
[Opening "Queen's pawn: Chigorin variation"]
[ECO "D00"]
[NIC "QP.08"]
[Time "17:45:23"]
[PlyCount "138"]
[TimeControl "2400+10"]

1. d4 d5 2. Nc3 Nf6 3. Bf4 Bf5 4. f3 e6 5. g4 Bg6 6. h4 h6 7. e3 Bd6 8. Bd3
Bxf4 9. exf4 Bxd3 10. Qxd3 Qd6 11. Nge2 Nc6 12. O-O-O O-O-O 13. Kb1 a6 14.
Qd2 h5 15. g5 Nd7 16. Nc1 Nb6 17. N3e2 Nc4 18. Qc3 Na7 19. Nd3 Nb5 20. Qb4
Qxb4 21. Nxb4 Nbd6 22. Nd3 Nf5 23. Ne5 Rhf8 24. Nxc4 dxc4 25. c3 c5 26. Kc1
g6 27. b4 cxb4 28. cxb4 Rd7 29. Kb2 Rfd8 30. Kc3 b5 31. a4 Ne3 32. Rb1 Nf5
33. Rbd1 Kb7 34. a5 Rd5 35. Rd2 Rc8 36. Rh3 Ne3 37. Rh1 Rf5 38. Rb2 Nd5+ 39.
Kc2 Nxf4 40. Ng3 Rd5 41. Rd1 Ng2 42. Kc3 Nxh4 43. Rf2 Nf5 44. Ne4 Rcd8 45.
Rfd2 e5 46. dxe5 Rxd2 47. Rxd2 Rxd2 48. Kxd2 h4 49. Nc5+ Ka7 50. Ke2 h3 51.
Kf2 c3 52. Nd3 c2 53. Kg1 Nd4 54. Kf2 Nb3 55. f4 c1=Q 56. Nxc1 Nxc1 57. Kg3
Nd3 58. Kxh3 Nxf4+ 59. Kg4 Nd3 60. Kf3 Nxe5+ 61. Ke4 Nc6 62. Kd5 Nxb4+ 63.
Ke5 Nc6+ 64. Kf6 b4 65. Kxf7 b3 66. Kxg6 b2 67. Kh7 b1=Q+ 68. g6 Ne7 69. Kh8
Nxg6+ {White resigns} 0-1

[Event "ICC tourney 3231 (40 10)"]
[Site "Internet Chess Club"]
[Date "2023.07.08"]
[Round "4"]
[White "MENON, ROHAN Dileep:KIDFIRE"]
[Black "BERKLEY, DARRIN K:drberkley"]
[Result "0-1"]
[ICCResult "White checkmated"]
[WhiteElo "1744"]
[BlackElo "1874"]
[Opening "King's Indian: London system"]
[ECO "A48"]
[NIC "QP.03"]
[Time "17:45:52"]
[PlyCount "126"]
[TimeControl "2400+10"]

1. d4 Nf6 2. Nf3 g6 3. Bf4 Bg7 4. e3 d6 5. c4 Nh5 6. Bg5 h6 7. Bh4 g5 8. Bg3
Nxg3 9. hxg3 Nc6 10. Nc3 Bg4 11. Be2 Qd7 12. Qb3 O-O-O 13. d5 Bxf3 14. Bxf3
Ne5 15. Be2 g4 16. a4 Qf5 17. Nb5 Kb8 18. Nd4 Qd7 19. f4 gxf3 20. gxf3 Ka8
21. a5 a6 22. f4 Ng4 23. Nc6 bxc6 24. dxc6 Qxc6 25. Rf1 Nf6 26. Bf3 Ne4 27.
c5 d5 28. Rd1 e6 29. Qd3 Rb8 30. Bxe4 dxe4 31. Qc4 Rhd8 32. Rxd8 Rxd8 33.
Kf2 Ka7 34. Kg1 Bf8 35. b4 Qd5 36. Qc3 Qd3 37. Qe5 Kb8 38. Re1 Qd2 39. Kf1
Qxb4 40. Qf6 Rd2 41. Qa1 Qc4+ 42. Kg1 Bxc5 43. Rb1+ Ka7 44. Qh8 Bb4 45. Qa1
Rc2 46. Qe5 Rc1+ 47. Rxc1 Qxc1+ 48. Kh2 Qc2+ 49. Kh3 Qc5 50. Qg7 Bxa5 51.
Qxh6 Qxe3 52. Qg5 Bb6 53. Qf6 Qc5 54. Qg7 e3 55. Qb2 Qd4 56. Qe2 Qd2 57. Qc4
e2 58. Qxe2 Qxe2 59. Kh4 f5 60. Kg5 Qg4+ 61. Kf6 Qxg3 62. Kxe6 Qxf4 63. Kd5
Qe4# {White checkmated} 0-1

[Event "ICC tourney 3231 (40 10)"]
[Site "Internet Chess Club"]
[Date "2023.07.08"]
[Round "5"]
[White "PAN, ROGER:RogerPbim"]
[Black "TJIPTO, GAVIN:akudakudaku"]
[Result "0-1"]
[ICCResult "White checkmated"]
[WhiteElo "1549"]
[BlackElo "1475"]
[Opening "Queen's pawn, Mason variation"]
[ECO "D00"]
[NIC "QP.08"]
[Time "20:00:11"]
[PlyCount "80"]
[TimeControl "2400+10"]

1. d4 d5 2. Bf4 Bf5 3. e3 Nf6 4. Nf3 e6 5. Bd3 Bg6 6. c3 Bd6 7. Bg3 c6 8.
Ne5 Bxd3 9. Qxd3 O-O 10. Nd2 Bc7 11. O-O Nbd7 12. f4 c5 13. Ndf3 c4 14. Qe2
Ne4 15. Nd2 Nxg3 16. hxg3 Nf6 17. g4 Ne8 18. g5 Nd6 19. g4 b5 20. Rf2 a5 21.
Rh2 f6 22. gxf6 Qxf6 23. Nd7 Qg6 24. Nxf8 Rxf8 25. Rf1 Nf5 26. Rff2 h5 27.
Rxh5 Ng3 28. Rg5 Nxe2+ 29. Rxe2 Qd3 30. Rh2 Qxe3+ 31. Kh1 Bxf4 32. Nf1 Qf3+
33. Kg1 Bxg5 34. Nd2 Bxd2 35. Rxd2 Qe3+ 36. Kh2 Qxd2+ 37. Kh3 Qxb2 38. g5
Qxc3+ 39. Kh2 Rf2+ 40. Kg1 Qe1# {White checkmated} 0-1

[Event "ICC tourney 3231 (40 10)"]
[Site "Internet Chess Club"]
[Date "2023.07.08"]
[Round "5"]
[White "QIAO, RICHARDSON JINGSI:Richardsonqiao"]
[Black "MENON, ROHAN Dileep:KIDFIRE"]
[Result "1-0"]
[ICCResult "Black resigns"]
[WhiteElo "1607"]
[BlackElo "1744"]
[Opening "QGD Slav defense"]
[ECO "D10"]
[NIC "SL.01"]
[Time "20:01:06"]
[PlyCount "71"]
[TimeControl "2400+10"]

1. d4 d5 2. c4 c6 3. Nc3 Nf6 4. cxd5 cxd5 5. Bf4 Nc6 6. e3 Bf5 7. Nf3 Nb4 8.
Qa4+ Nc6 9. Ne5 Qb6 10. Qb3 e6 11. Bb5 Rc8 12. O-O Be7 13. Na4 Qa5 14. Rac1
O-O 15. Bxc6 Ne4 16. Qb5 Qd2 17. Rcd1 Qc2 18. Bd7 Nxf2 19. Rc1 Qd2 20. Rxc8
Nh3+ 21. Kh1 Be4 22. Nf3 Nf2+ 23. Kg1 Bxf3 24. Rxf2 Qd1+ 25. Qf1 Rxc8 26.
Qxd1 Bxd1 27. Bxc8 Bxa4 28. b3 Bc6 29. a4 Kf8 30. Rb2 Ke8 31. b4 b6 32. b5
Ba8 33. Ba6 g5 34. Bg3 f5 35. Rc2 Kd7 36. Rc8 {Black resigns} 1-0

[Event "ICC tourney 3231 (40 10)"]
[Site "Internet Chess Club"]
[Date "2023.07.08"]
[Round "5"]
[White "RAMKUMAR, NIKHIL:nikhilramkumar"]
[Black "Hernandez-Visbal, Arthur:thechessgod22"]
[Result "0-1"]
[ICCResult "White resigns"]
[WhiteElo "1799"]
[BlackElo "1659"]
[Opening "Sicilian: closed"]
[ECO "B23"]
[NIC "SI.44"]
[Time "20:00:28"]
[PlyCount "100"]
[TimeControl "2400+10"]

1. e4 c5 2. Nc3 e6 3. f4 Nc6 4. Nf3 d5 5. Bb5 Ne7 6. d3 Bd7 7. Bxc6 Bxc6 8.
O-O g6 9. Qe1 Bg7 10. Qh4 Bxc3 11. bxc3 dxe4 12. dxe4 Bxe4 13. Qf6 O-O 14.
Qh4 Nf5 15. Qh3 Bxf3 16. Qxf3 Qb6 17. g4 Nd6 18. Be3 Rac8 19. f5 exf5 20.
Bh6 Rfe8 21. Qg2 c4+ 22. Kh1 fxg4 23. Rf6 Qc6 24. Qxc6 Rxc6 25. Raf1 Nf5 26.
Bg5 Ree6 27. Rxe6 Rxe6 28. Rd1 f6 29. Bf4 g5 30. Bc1 g3 31. hxg3 Nxg3+ 32.
Kg2 Nf5 33. Rd8+ Kf7 34. Ba3 Re2+ 35. Kf3 Re3+ 36. Kf2 Rxc3 37. Rf8+ Kg6 38.
Rg8+ Kf7 39. Rf8+ Kg7 40. Bc5 Rxc2+ 41. Kf3 c3 42. Rc8 Rxa2 43. Kg4 Nh6+ 44.
Kf3 c2 45. Rc7+ Kg6 46. Bf8 Nf5 47. Rc8 Nd4+ 48. Ke4 Nc6 49. Bc5 c1=Q 50.
Rg8+ Kh5 {White resigns} 0-1